 Dungeon Crawl Stone Soup version 0.21.1-1-g345015f (webtiles) character file.

71150 infcreate the Peltast (level 14, -5/130 HPs)
             Began as a Minotaur Fighter on May 21, 2018.
             Was a High Priest of Trog.
             Killed from afar by a spark wasp (15 damage)
             ... with a living lightning
             ... on level 2 of the Spider Nest.
             The game lasted 01:30:37 (19397 turns).

infcreate the Peltast (Minotaur Fighter)           Turns: 19397, Time: 01:30:38

Health: -5/130     AC: 21    Str: 24    XL:     14   Next: 96%
Magic:  0/22       EV:  8    Int:  9    God:    Trog [*****.]
Gold:   1223       SH: 17    Dex: 18    Spells: 13/13 levels left

rFire    + + .     SeeInvis .   D - +11 hand axe "Otrylyvoi" {distort, rC+ Int+4 Dex+6}
rCold    + + .     Gourm    .   h - +2 shield of Resistance {rF+ rC+ MR+}
rNeg     . . .     Faith    .   C - +3 plate armour
rPois    .         Spirit   +   c - +0 hat
rElec    .         Reflect  .   w - scarf {Spirit}
rCorr    .         Harm     .   (no gloves)
MR       ++...                  J - +0 pair of boots {Fly}
Stlth    ..........             (no amulet)
HPRegen  0.31/turn              n - ring of magical power
MPRegen  0.18/turn              N - ring of protection from fire

@: berserk cooldown, slowed, very slow
A: retaliatory headbutt, horns 2
a: Berserk, Trog's Hand, Brothers in Arms, Burn Spellbooks, Renounce Religion,
Evoke Flight


You were on level 2 of the Spider Nest.
You worshipped Trog.
Trog was extremely pleased with you.
You were not hungry.

You visited 4 branches of the dungeon, and saw 20 of its levels.
You also visited: Sewer.

You collected 1223 gold pieces.

Inventory:

Hand Weapons
 a - a +1 war axe
 D - the +11 hand axe "Otrylyvoi" (weapon) {distort, rC+ Int+4 Dex+6}
   (You found it on level 9 of the Dungeon)

   It warps and distorts space around it.
   Unwielding it can cause banishment or high damage.
   It affects your intelligence (+4).
   It affects your dexterity (+6).
   It protects you from cold.
Armour
 c - a +0 hat (worn)
 h - the +2 shield of Resistance (worn) {rF+ rC+ MR+}
   (You found it on level 9 of the Dungeon)

   It protects you from fire.
   It protects you from cold.
   It affects your resistance to hostile enchantments.
 w - a scarf of spirit shield (worn)
 y - a +0 pair of boots
 C - a +3 plate armour (worn)
 J - a +0 pair of boots of flying (worn)
Jewellery
 n - a ring of magical power (left hand)
 N - a ring of protection from fire (right hand)
Wands
 G - a wand of digging (11)
Scrolls
 e - 11 scrolls of teleportation
 g - 3 scrolls of random uselessness
 i - 4 scrolls of immolation
 o - 2 scrolls of noise {unknown}
 p - 3 scrolls of blinking
 r - 2 scrolls of fog
 t - 3 scrolls of enchant armour
 u - 6 scrolls of remove curse
 v - 4 scrolls of magic mapping
 x - a scroll of fear
 A - 2 scrolls of holy word {unknown}
 H - a scroll of acquirement {unknown}
 L - a scroll of enchant weapon
 M - 3 scrolls of identify
Potions
 b - 2 potions of magic
 d - 3 potions of might
 j - 2 potions of mutation {unknown}
 k - 4 potions of lignification
 l - 8 potions of curing
 m - a potion of haste
 q - 4 potions of brilliance
 z - 4 potions of ambrosia
 B - a potion of agility {unknown}
 E - a potion of flight {unknown}
 F - a potion of berserk rage {unknown}
 I - a potion of cancellation {unknown}
 K - a potion of invisibility {unknown}
Comestibles
 f - 28 rations


   Skills:
 + Level 13.8 Fighting
 + Level 16.1 Axes
 + Level 15.3 Armour
 + Level 17.1 Shields


You had 13 spell levels left.
You didn't know any spells.

Dungeon Overview and Level Annotations

Branches:
Dungeon (10/15)            Temple (1/1) D:4            Lair (6/6) D:8
 Shoals (0/4) Lair:3       Spider (3/4) Lair:2        Slime (0/5) Lair:6
    Orc (0/2) D:9

Altars:
Cheibriados
Dithmenos
Elyvilon
Fedhas
Gozag
Hepliaklqana
Kikubaaqudgha
Makhleb
Nemelex Xobeh
Okawaru
Qazlal
Ru
Sif Muna
Trog
Uskayaw
Vehumet
Wu Jian
Xom
Yredelemnul
Zin
The Shining One

Annotations:
Abyss:1 Josephine


Innate Abilities, Weirdness & Mutations

You reflexively headbutt those who attack you in melee.
You have a pair of horns on your head.


Message History

The spark wasp blinks! x2; You block the spark wasp's attack.
The spark wasp bursts into living lightning!
The living lightning hits you!
* * * LOW HITPOINT WARNING * * *
The spark wasp blinks!
The spark wasp stings you but does no damage. x2
You completely miss the spark wasp.
You headbutt the spark wasp, but do no damage.
The spark wasp is almost dead.
You block the spark wasp's attack. x2
You feel much better. You block the spark wasp's attack. x2
You hit the spark wasp.
Space bends around the spark wasp.
The spark wasp is almost dead.
The spark wasp bursts into living lightning!
The living lightning hits you!
* * * LOW HITPOINT WARNING * * *
The spark wasp blinks!
The spark wasp bursts into living lightning!
The living lightning hits you!
You die...

........#..............#.....##..
######..............#..#......###
.<........#....##...##.#...#.....
......##..##.###.....###...#.....
###..##..^.###.......#....##...##
.....#......#.....#####...#..#..#
#....#########........#####..#.##
###..#.....#..............#.####.
#^.#........#.@.#.......#### #.
##.#..##....#...#....####(.# ##
######.....#...#.#...#...#
#...##....#...###.......#####
#.......#.#...# ###...###.#.#
###....####.>######.#.....#..
#...#.##....y....####.......#
##..###....#.....##.....#..##
#...##.....##..#####....#..^#


You could see a spark wasp.

Vanquished Creatures
  2 ghost moths (Spider:2)
  3 entropy weavers
  Azrael (Spider:1)
  3 hydras
  3 two-headed ogres
  5 death yaks
  5 orb spiders
  The ghost of kirsanium the Shield-Bearer, a novice FoFi of Okawaru (D:6)
  A cyclops (D:9)
  A moth of wrath (Spider:2)
  10 wolf spiders
  An ice statue (Lair:4)
  2 black mambas
  4 torpor snails
  18 spiny frogs
  A freezing wraith (Lair:4)
  4 komodo dragons
  5 demonic crawlers
  A troll (D:9)
  10 jumping spiders
  5 polar bears
  3 tyrant leeches (Lair:6)
  24 blink frogs
  2 hornets (Spider:2)
  9 dream sheep
  8 hippogriffs
  A snapping turtle (Lair:3)
  14 tarantellas
  A spriggan (Lair:2)
  3 wraiths (Spider:1)
  29 redbacks
  12 yaks
  2 wyverns
  A fire elemental (Spider:1)
  6 vampire mosquitoes (Lair:6)
  A basilisk (Lair:5)
  10 water moccasins
  2 soldier ants (Spider:1)
  8 hell hounds
  3 ice beasts (Lair:4)
  4 orc warriors
  Purgy (Sewer)
  8 porcupines
  2 sky beasts
  2 black bears (Lair:2)
  3 phantoms
  13 wolves
  3 ogres
  2 centaurs
  5 big kobolds
  7 crocodiles
  24 bullfrogs
  6 scorpions
  5 killer bees (D:9)
  7 wights
  A howler monkey (D:6)
  6 crimson imps
  2 lava snakes (D:10)
  A quasit (D:6)
  A gnoll shaman (D:4)
  4 orc priests
  2 hounds
  3 jellies (Lair:6)
  A bullfrog skeleton (D:4)
  2 centaur skeletons (D:10)
  4 iguanas
  5 orc wizards
  13 worker ants
  A hound zombie (D:7)
  2 howler monkey skeletons
  8 gnolls
  A river rat (D:3)
  7 adders
  A shadow imp (D:9)
  A white imp (Lair:4)
  2 oozes (Lair:6)
  3 worms
  3 dart slugs
  3 leopard geckos
  23 orcs
  2 giant cockroaches
  10 goblins
  3 hobgoblins
  15 jackals
  4 quokkas
  3 ball pythons
  8 bats
  7 frilled lizards
  A jackal skeleton (D:6)
  18 kobolds
  8 rats
  A spectral orc (D:9)
  5 fungi
  5 plants
507 creatures vanquished.

Vanquished Creatures (others)
  A ghost moth (Spider:2)
  A fire dragon (D:9)
  A hydra (D:9)
  An ice dragon (D:9)
  A queen ant (Spider:1)
  4 death yaks (Lair:6)
  A wolf spider (Spider:1)
  An orb spider (Spider:2)
  A black mamba (Lair:2)
  A spiny frog (Lair:6)
  2 komodo dragons
  2 demonic crawlers (Spider:1)
  A jumping spider (Spider:1)
  A tyrant leech (Lair:6)
  2 blink frogs (Lair:6)
  A dream sheep (Lair:4)
  4 tarantellas
  A redback (Spider:2)
  A wyvern (Lair:4)
  2 yaks
  An ice beast (Lair:4)
  A wolf (Lair:2)
  A crocodile (Lair:6)
  2 bullfrogs
  A killer bee (D:9)
  A bush (Lair:6)
  16 fungi
  40 plants
93 creatures vanquished.

Grand Total: 600 creatures vanquished

Notes
Turn   | Place    | Note
-------+----------+-------------------------------------------
     0 | D:1      | infcreate the Minotaur Fighter began the quest for the Orb.
     0 | D:1      | Reached XP level 1. HP: 19/19 MP: 0/0
    89 | D:1      | Reached XP level 2. HP: 25/27 MP: 1/1
   180 | D:1      | Reached skill level 4 in Shields
   306 | D:1      | Reached XP level 3. HP: 10/33 MP: 0/2
  1050 | D:2      | Noticed a bullfrog
  1055 | D:2      | Killed a bullfrog
  1055 | D:2      | Reached XP level 4. HP: 34/41 MP: 3/3
  1086 | D:2      | Found a faded altar of an unknown god.
  1205 | D:3      | Found a bloodstained altar of Trog.
  1223 | D:3      | Reached XP level 5. HP: 44/47 MP: 4/4
  1282 | D:3      | Became a worshipper of Trog the Wrathful
  1392 | D:3      | Reached skill level 5 in Shields
  1421 | D:3      | Found a hide-covered altar of Uskayaw.
  1427 | D:3      | Found a stormy altar of Qazlal.
  1432 | D:3      | Found a deep blue altar of Sif Muna.
  1436 | D:3      | Found a blossoming altar of Fedhas.
  1527 | D:3      | Found a glowing drain.
  1564 | Sewer    | Entered a sewer
  1685 | Sewer    | Noticed Purgy
  1692 | Sewer    | Killed Purgy
  1692 | Sewer    | Reached * piety under Trog
  1692 | Sewer    | Reached skill level 5 in Armour
  1692 | Sewer    | Reached XP level 6. HP: 45/55 MP: 5/5
  2151 | D:4      | Reached skill level 5 in Axes
  2175 | D:4      | Found a glowing silver altar of Zin.
  2191 | D:4      | Found an iron altar of Okawaru.
  2641 | D:4      | Found a staircase to the Ecumenical Temple.
  2685 | D:4      | Reached skill level 5 in Fighting
  2858 | Temple   | Entered the Ecumenical Temple
  3035 | D:5      | Entered Level 5 of the Dungeon
  3059 | D:5      | Reached XP level 7. HP: 38/61 MP: 6/6
  3284 | D:5      | Reached skill level 6 in Shields
  4017 | D:6      | Reached XP level 8. HP: 63/70 MP: 7/7
  4123 | D:6      | Noticed kirsanium's ghost (novice FoFi)
  4640 | D:6      | Killed kirsanium's ghost
  4640 | D:6      | Reached skill level 7 in Shields
  5224 | D:7      | Reached ** piety under Trog
  5589 | D:7      | Reached XP level 9. HP: 78/78 MP: 8/8
  5701 | D:7      | Found a white marble altar of Elyvilon.
  5772 | D:7      | Found an ornate altar of the Wu Jian Council.
  5787 | D:7      | Reached skill level 8 in Shields
  6288 | D:8      | Found a staircase to the Lair.
  6715 | D:8      | Found a radiant altar of Vehumet.
  6716 | D:8      | Found a burning altar of Makhleb.
  6853 | D:9      | Noticed a two-headed ogre
  6857 | D:9      | Reached skill level 10 in Axes
  6863 | D:9      | Killed a two-headed ogre
  6880 | D:9      | Reached XP level 10. HP: 75/86 MP: 9/9
  7028 | D:9      | Reached skill level 9 in Shields
  7093 | D:9      | Noticed a fire dragon
  7096 | D:9      | Noticed an ice dragon
  7107 | D:9      | Noticed an ice dragon
  7110 | D:9      | Noticed a fire dragon
  7111 | D:9      | Found the +2 shield of Resistance {rF+ rC+ MR+}
  7111 | D:9      | Found a runed door.
  7124 | D:9      | Found a runed door.
  7135 | D:9      | Reached *** piety under Trog
  7161 | D:9      | Noticed a cyclops
  7174 | D:9      | Killed a cyclops
  7531 | D:9      | Identified the +11 hand axe "Otrylyvoi" {distort, rC+ Int+4 Dex+6} (You found it on level 9 of the Dungeon)
  7540 | D:9      | Noticed a two-headed ogre
  7557 | D:9      | Found a staircase to the Orcish Mines.
  7582 | D:9      | Killed a two-headed ogre
  7792 | D:9      | Found a basalt altar of Yredelemnul.
  7863 | D:9      | Noticed a three-headed hydra
  7870 | D:9      | Reached skill level 10 in Shields
  7971 | D:9      | Banished a 15-headed hydra
  8188 | D:9      | Found a shadowy altar of Dithmenos.
  8348 | D:10     | Entered Level 10 of the Dungeon
  8353 | D:10     | Identified the +1 ring mail "Luogiq" {Dex+3} (You found it on level 10 of the Dungeon)
  8440 | D:10     | Reached XP level 11. HP: 97/97 MP: 10/10
  8459 | D:10     | Reached skill level 10 in Armour
  8591 | D:10     | Reached **** piety under Trog
  8776 | D:10     | Noticed a two-headed ogre
  8793 | D:10     | Killed a two-headed ogre
  9253 | Lair:1   | Entered Level 1 of the Lair of Beasts
 10155 | Lair:2   | Reached skill level 11 in Shields
 10423 | Lair:2   | Reached skill level 10 in Fighting
 10428 | Lair:2   | Found a hole to the Spider Nest.
 10485 | Lair:2   | Noticed a death yak
 10588 | Lair:2   | Noticed a death yak
 10604 | Lair:2   | Killed a death yak
 10852 | Lair:2   | Killed a death yak
 10885 | Lair:2   | Reached ***** piety under Trog
 10979 | Lair:2   | Reached XP level 12. HP: 107/107 MP: 11/11
 11138 | Lair:3   | Reached skill level 12 in Shields
 11159 | Lair:3   | Noticed an eight-headed hydra
 11208 | Lair:3   | Found a glowing silver altar of Zin.
 11267 | Lair:3   | Found a staircase to the Shoals.
 11484 | Lair:3   | Killed a 14-headed hydra
 12026 | Lair:4   | Reached skill level 13 in Shields
 12356 | Lair:5   | Received a gift from Trog
 12696 | Lair:6   | Entered Level 6 of the Lair of Beasts
 12752 | Lair:6   | Noticed a death yak
 12753 | Lair:6   | Noticed a death yak
 12754 | Lair:6   | Noticed a death yak
 12754 | Lair:6   | Noticed a death yak
 12755 | Lair:6   | Noticed a death yak
 12762 | Lair:6   | Killed a death yak
 12762 | Lair:6   | Reached XP level 13. HP: 116/116 MP: 12/12
 12787 | Lair:6   | Reached skill level 14 in Shields
 12885 | Lair:6   | Reached skill level 15 in Axes
 13078 | Lair:6   | Found a staircase to the Slime Pits.
 13271 | Lair:6   | Received a gift from Trog
 13530 | Lair:6   | Reached skill level 15 in Shields
 14558 | D:9      | Banished a fire dragon
 14830 | Spider:1 | Entered Level 1 of the Spider Nest
 14925 | Spider:1 | Noticed Azrael
 15463 | Spider:1 | Reached XP level 14. HP: 127/127 MP: 13/13
 15506 | Spider:1 | Noticed an emperor scorpion
 15509 | Spider:1 | Banished an emperor scorpion
 15836 | Spider:1 | Killed Azrael
 15933 | Spider:1 | Reached skill level 16 in Shields
 16120 | Spider:1 | Noticed Josephine
 16124 | Spider:1 | Banished Josephine
 16126 | Spider:1 | Noticed an entropy weaver
 16138 | Spider:1 | Killed an entropy weaver
 16397 | Spider:1 | Noticed an entropy weaver
 16476 | Spider:1 | Killed an entropy weaver
 16603 | Spider:1 | Received a gift from Trog
 16803 | Spider:2 | Banished a ghost moth
 16881 | Spider:2 | Killed a ghost moth
 17832 | Spider:2 | Noticed an entropy weaver
 17836 | Spider:2 | Reached skill level 15 in Armour
 17847 | Spider:2 | Killed a ghost moth
 18327 | Spider:2 | Reached skill level 17 in Shields
 18490 | Spider:2 | Killed an entropy weaver
 19397 | Spider:2 | Killed from afar by a spark wasp

Skill      XL: |  1  2  3  4  5  6  7  8  9 10 11 12 13 14 |
---------------+-------------------------------------------+-----
Shields        | 4 5 6 7 8 10 11 13 15 17 | 17.1
Fighting       | 4 5 6 7 9 10 11 12 13 | 13.8
Armour         | 4 5 6 7 9 11 12 13 15 | 15.3
Axes           | 3 4 5 7 9 11 12 14 15 16 | 16.1

Action                   |  1- 3 |  4- 6 |  7- 9 | 10-12 | 13-15 || total
-------------------------+-------+-------+-------+-------+-------++-------
Melee: War axe           |    99 |   129 |   259 |    64 |       ||   551
       Headbutt          |    15 |    14 |    53 |   127 |   189 ||   398
       Hand axe          |       |       |       |   452 |   704 ||  1156
Invok: Berserk           |       |       |     4 |     1 |     8 ||    13
       Burn Spellbooks   |       |       |     1 |     2 |     3 ||     6
 Abil: Stop Flying       |       |       |       |     1 |       ||     1
  Use: Scroll            |       |     8 |     5 |    10 |     2 ||    25
       Potion            |       |       |     2 |       |     6 ||     8
  Eat: Chunk             |     1 |     6 |     5 |    17 |    12 ||    41
       Ration            |       |       |     3 |     1 |     5 ||     9
Armor: Scale mail        |    29 |       |       |       |       ||    29
       Plate armour      |    29 |    88 |   135 |   184 |   345 ||   781
Dodge: Dodged            |    27 |    34 |    42 |    64 |   152 ||   319
Block: Shield            |    57 |    94 |   141 |   119 |   301 ||   712
       Large shield      |       |       |       |   207 |   218 ||   425
